 Dungeon Crawl Stone Soup version 0.32-a0-39-g5c88369fb2 (webtiles) character file.

Game seed: 8213458513460469980

11396 Ge0ff the Thaumaturge (level 11, -3/79 HPs)
             Began as a Mummy Cinder Acolyte on Jan 31, 2024.
             Was an Initiate of Ignis.
             Slain by a tengu warrior
             ... wielding a +1 battleaxe
              (5 damage)
             ... in a Gauntlet.
             The game lasted 00:29:07 (17813 turns).

Ge0ff the Thaumaturge (Mummy Cinder Acolyte)       Turns: 17813, Time: 00:29:07

Health: -3/79      AC:  6    Str: 23    XL:     11   Next: 48%
Magic:  1/26       EV: 12    Int: 23    God:    Ignis [......]
Gold:   819        SH:  0    Dex: 11    Spells: 11/32 levels left

rFire   . . .        a - +4 spear "Rifaakhe" {vamp, Int+4 Dex+4}
rCold   + . .        (no shield)
rNeg    + + +        b - +0 robe
rPois   ∞            (no helmet)
rElec   .            w - +0 cloak
rCorr   .            K - +1 pair of gloves
SInv    .            n - +0 pair of boots
Will    +....        Q - amulet of magic regeneration
Stlth   ++           O - ring of wizardry {=R}
HPRegen 0.33/turn    R - +6 ring of strength
MPRegen 0.60/turn

%: no teleportation, faith, wizardry (x1)
@: very slightly contaminated
A: cold resistance 1, negative energy resistance 3, torment resistance 2, heat
vulnerability 1, in touch with death 1, no potions, faith
a: Renounce Religion, Rising Flame


You were in a Gauntlet.
You worshipped Ignis.
Ignis was noncommittal.
You visited 2 branches of the dungeon, and saw 12 of its levels.
You also visited: Gauntlet.

You collected 819 gold pieces.

Inventory:

Hand Weapons
 a - the +4 spear "Rifaakhe" (weapon) {vamp, Int+4 Dex+4}
   (You took it off Joseph on level 10 of the Dungeon)

   Int+4:     It affects your intelligence (+4).
   Dex+4:     It affects your dexterity (+4).
 l - a +0 rapier
 p - a +0 spear of pain
 s - a +0 spectral dagger
 t - the +6 whip of Ykysh {freeze, *Noise rCorr Stlth+}
   (You found it on level 6 of the Dungeon)

   *Noise:    It may make a loud noise when swung.
   rCorr:     It protects you from acid and corrosion.
   Stlth+:    It makes you more stealthy.
 x - a +2 quarterstaff of chaos
 I - a +4 trident
 N - a +1 antimagic orcbow
 S - a +0 heavy spear
 U - a +2 short sword of electrocution
 Y - a +0 hand axe of distortion
 Z - a +0 falchion of distortion
Missiles
 c - 77 stones
 h - 30 poisoned darts
 j - 5 boomerangs
 v - 2 curare-tipped darts {=F}
Armour
 b - a +0 robe (worn)
 n - a +0 pair of boots (worn)
 q - a +0 buckler
 w - a +0 cloak (worn)
 K - a +1 pair of gloves (worn)
 P - a +0 buckler
Jewellery
 r - a ring of flight
 M - a +6 ring of dexterity
 O - a ring of wizardry (left hand) {=R}
 Q - an amulet of magic regeneration (around neck)
 R - a +6 ring of strength (right hand)
Wands
 f - a wand of flame (9)
Scrolls
 o - 4 scrolls of amnesia
 J - a scroll of immolation {unknown}
 L - a scroll of silence {unknown}
 T - 4 scrolls of teleportation
 V - 3 scrolls of vulnerability
 W - 3 scrolls of enchant armour {unknown}
 X - a scroll of fog {unknown}


   Skills:
 - Level 5.0 Fighting
 - Level 2.4 Polearms
 - Level 2.0 Throwing
 - Level 2.0 Armour
 - Level 3.0 Dodging
 - Level 2.0 Stealth
 - Level 5.0 Shields
 - Level 11.0 Spellcasting
 * Level 3.2 Conjurations
 + Level 9.3 Fire Magic
 * Level 2.8 Air Magic
 + Level 1.8 Earth Magic
 - Level 3.0 Evocations


You had 11 spell levels left.
You knew the following spells:

 Your Spells              Type           Power      Damage    Failure   Level
m - Plasma Beam           Fire/Air       20%        2x1d32    26%         6
n - Stone Arrow           Conj/Erth      48%        3d10      2%          3
s - Scorch                Fire           100%       2d9       1%          2
C - Fireball              Conj/Fire      20%        3d10      4%          5
E - Arcjolt               Conj/Air       13%        1d23      16%         5

Your spell library contained the following spells:

 Spells                   Type           Power      Damage    Failure   Level
 Vhi's Electric Charge    Tloc/Air       38%        N/A       12%         4
 Animate Armour           Summ/Erth      32%        N/A       14%         4
 Cause Fear               Hex            6%         N/A       21%         4
 Lehudib's Crystal Spear  Conj/Erth      12%        10d4      100%        8
 Dragon's Call            Summ           6%         N/A       100%        9


Dungeon Overview and Level Annotations

Branches:
Dungeon (11/15) Zot: 26615  Temple (1/1) D:5 Zot: 5971    Lair (0/5) D:10
    Orc (0/2) D:10        Gauntlet (1/1) Zot: 5820

Altars:
Ashenzari
Cheibriados
Dithmenos
Fedhas
Gozag
Hepliaklqana
Kikubaaqudgha
Makhleb
Nemelex Xobeh
Okawaru
Qazlal
Ru
Sif Muna
Trog
Uskayaw
Vehumet
Wu Jian
Xom
Yredelemnul

Shops:
D:10 (

Annotations:
Gauntlet 11 transporters


Innate Abilities, Weirdness & Mutations

You are immune to poison.
Your flesh is cold resistant. (rC+)
You are immune to negative energy. (rN+++)
You are immune to unholy pain and torment.
You are vulnerable to heat. (rF-)
You are in touch with the powers of death.
You do not drink.
You have a special connection with the divine. (Faith)


Message History

Aiming: Fireball (dangerous; 4% risk of failure)
Press: ? - help, Shift-Dir - straight line The fireball explodes!
The fireball engulfs the tengu warrior!
The tengu warrior is severely wounded.
The fireball engulfs the tengu conjurer!!
The tengu conjurer is heavily wounded.
Aiming: Throw Flame
Press: ? - help, Shift-Dir - straight line, f - tengu warrior
Aim: a tengu warrior, wielding a +1 battleaxe and wearing a +0 leather armour (severely wounded, 46% to hit)
The puff of flame misses the tengu conjurer.
The puff of flame misses the tengu warrior.
Aiming: Throw Flame
Press: ? - help, Shift-Dir - straight line, f/p - tengu warrior
Aim: a tengu warrior, wielding a +1 battleaxe and wearing a +0 leather armour (severely wounded, 46% to hit)
The puff of flame misses the tengu conjurer.
The puff of flame misses the tengu warrior.
The tengu conjurer casts a spell.
The tengu conjurer conjures a globe of magical energy!
A battlesphere comes into view.
Aiming: Throw Flame
Press: ? - help, Shift-Dir - straight line, f/p - tengu warrior
Aim: a tengu warrior, wielding a +1 battleaxe and wearing a +0 leather armour (severely wounded, 46% to hit)
The puff of flame misses the tengu conjurer.
The puff of flame misses the tengu warrior.
Aiming: Throw Flame
Press: ? - help, Shift-Dir - straight line, f/p - tengu warrior
Aim: a tengu warrior, wielding a +1 battleaxe and wearing a +0 leather armour (severely wounded, 46% to hit)
The puff of flame hits the tengu warrior.
The tengu warrior is severely wounded.
Casting: Fireball (dangerous; 4% risk of failure)
Confirm with . or Enter, or press ? or * to list all spells.
Aiming: Stone Arrow (mildly dangerous; 2% risk of failure)
Press: ? - help, Shift-Dir - straight line, f/p - tengu warrior
Aim: a tengu warrior, wielding a +1 battleaxe and wearing a +0 leather armour (severely wounded, 46% to hit)
The stone arrow misses the tengu warrior.
The stone arrow misses the tengu conjurer.
The tengu warrior hits you but does no damage.
The tengu warrior pecks you.
* * * LOW HITPOINT WARNING * * *
The tengu warrior claws you but does no damage.
Aiming: Throw Flame
Press: ? - help, Shift-Dir - straight line, f/p - tengu warrior
Aim: a tengu warrior, wielding a +1 battleaxe and wearing a +0 leather armour (severely wounded, 46% to hit)
The puff of flame misses the tengu warrior.
The puff of flame misses the tengu conjurer.
The tengu warrior hits you with a +1 battleaxe!
* * * LOW HITPOINT WARNING * * *
The tengu warrior pecks you but does no damage.
The tengu warrior claws you.
You die...

....⌠.#.........⌠.≈≈≈#
###...#########...≈≈##
..#.⌠.#...##..#.∩.≈##
.#.8.#...###○..#.#...##
..P..#.⌠.#}[#..#.#..##
.©.8Z#©.©#©.#©#..#©##
P.P.Z#####.#.[#..#.≈##
.#.⌠.#...#.#..*###.≈≈#
.....#.⌠.#..##QQ@#.≈##
######...#########.##
...................≈#
≈#≈≈≈#≈≈≈#≈≈≈#≈≈≈#≈≈≈#
###≈###≈###≈###≈###≈##
# ### ### ### ### ##


You could see a tengu warrior, a tengu conjurer and a battlesphere (distracted).

Vanquished Creatures
  A two-headed ogre (D:9)
  The ghost of YordlordTheGreat the Arsonist, a novice DEFE of Vehumet (D:8)
  Joseph (D:10)
  A kobold demonologist (D:8)
  A tengu conjurer (Gauntlet)
  A hornet (D:5)
  A shadow (D:9)
  6 yaks
  3 wyverns
  2 wraiths (D:10)
  Grum (D:8)
  2 steam dragons
  A basilisk (D:9)
  3 vampire mosquitoes
  Menkaure (D:6)
  2 acid dragons (D:10)
  3 water moccasins
  3 orc warriors
  A black bear (D:4)
  An ice beast (D:5)
  4 centaurs
  2 ogres
  4 wolves (D:8)
  2 phantoms
  3 kobold brigands
  3 bullfrogs
  5 scorpions
  A gnoll sergeant (D:9)
  12 wights
  33 killer bees
  9 electric eels (D:10)
  5 howler monkeys
  3 quasits (D:8)
  7 orc priests
  5 hounds
  A jelly (D:4)
  Crazy Yiuf (D:7)
  Terence (D:3)
  A sleepcap (D:6)
  4 iguanas
  6 orc wizards
  14 gnolls
  6 adders
  6 ufetubi
  3 dart slugs
  32 orcs
  7 ball pythons
  13 endoplasms
  4 giant cockroaches
  8 goblins
  9 hobgoblins
  16 kobolds
  7 quokkas
  6 bats
  A frilled lizard (D:1)
  3 rats
283 creatures vanquished.

Vanquished Creatures (collateral kills)
  2 foxfires (D:5)
2 creatures vanquished.

Vanquished Creatures (others)
  90 foxfires
90 creatures vanquished.

Grand Total: 375 creatures vanquished

Notes
Turn   | Place    | Note
-------+----------+-------------------------------------------
     0 | D:1      | Ge0ff the Mummy Cinder Acolyte began the quest for the Orb.
     0 | D:1      | Reached XP level 1. HP: 18/18 MP: 2/2
   330 | D:1      | Reached XP level 2. HP: 24/24 MP: 4/4
   333 | D:1      | Learned a level 2 spell: Scorch
   380 | D:1      | Reached skill level 2 in Spellcasting
   553 | D:1      | Reached skill level 1 in Stealth
  1167 | D:2      | Reached XP level 3. HP: 25/29 MP: 3/6
  1745 | D:3      | Noticed Terence
  1762 | D:3      | Killed Terence
  1763 | D:3      | Reached XP level 4. HP: 35/35 MP: 4/8
  1803 | D:3      | Reached skill level 3 in Spellcasting
  1998 | D:3      | Found an opulent altar of Gozag.
  2153 | D:3      | Reached XP level 5. HP: 41/41 MP: 5/10
  2384 | D:3      | Reached skill level 4 in Spellcasting
  2786 | D:3      | Reached XP level 6. HP: 47/47 MP: 6/13
  3013 | D:3      | Found a faded altar of an unknown god.
  3431 | D:3      | Reached skill level 5 in Spellcasting
  3844 | D:4      | Reached XP level 7. HP: 52/52 MP: 10/15
  3908 | D:4      | Found an ancient bone altar of Kikubaaqudgha.
  4072 | D:4      | Found an ornate altar of the Wu Jian Council.
  4084 | D:4      | Reached skill level 6 in Spellcasting
  4709 | D:4      | Reached skill level 5 in Fire Magic
  5002 | D:5      | Entered Level 5 of the Dungeon
  5008 | D:5      | Noticed a hornet
  5012 | D:5      | Killed a hornet
  5013 | D:5      | Reached skill level 7 in Spellcasting
  5059 | D:5      | Found a radiant altar of Vehumet.
  5355 | D:5      | Reached XP level 8. HP: 58/58 MP: 12/19
  5545 | D:5      | Found a staircase to the Ecumenical Temple.
  5552 | Temple   | Found a transporter.
  5552 | Temple   | Found a transporter.
  5552 | Temple   | Found a transporter.
  5552 | Temple   | Found a transporter.
  5552 | Temple   | Entered the Ecumenical Temple
  5625 | D:5      | Reached skill level 8 in Spellcasting
  5784 | D:5      | Found an iron altar of Okawaru.
  6157 | D:6      | Found a blossoming altar of Fedhas.
  6158 | D:6      | Found a shadowy altar of Dithmenos.
  6159 | D:6      | Found a shimmering blue altar of Sif Muna.
  6472 | D:6      | Reached skill level 9 in Spellcasting
  6657 | D:6      | Noticed Menkaure
  6662 | D:6      | Killed Menkaure
  6934 | D:6      | Identified the +6 whip of Ykysh {freeze, *Noise rCorr
                  | Stlth+}
  7137 | D:6      | Reached XP level 9. HP: 59/63 MP: 10/22
  7434 | D:6      | Reached skill level 10 in Spellcasting
  7651 | D:7      | Found a runed translucent door.
  7652 | D:7      | Noticed Crazy Yiuf
  7665 | D:7      | Killed Crazy Yiuf
  9310 | D:8      | Noticed YordlordTheGreat's ghost (novice DEFE)
  9319 | D:8      | Found a transporter.
  9340 | D:8      | Noticed Grum
  9350 | D:8      | Reached skill level 1 in Armour
  9350 | D:8      | Reached skill level 1 in Dodging
  9350 | D:8      | Reached skill level 1 in Shields
  9350 | D:8      | Reached skill level 1 in Evocations
  9359 | D:8      | Killed Grum
  9717 | D:8      | Reached XP level 10. HP: 71/71 MP: 16/24
  9761 | D:8      | Found a transporter.
 10200 | D:8      | Found a shimmering altar of Xom.
 10610 | D:8      | Reached skill level 1 in Throwing
 12866 | D:9      | Noticed a two-headed ogre
 12877 | D:9      | Killed a two-headed ogre
 12878 | D:9      | Reached skill level 11 in Spellcasting
 13442 | D:9      | Reached skill level 5 in Shields
 13721 | D:9      | Learned a level 5 spell: Fireball
 13778 | D:8      | Killed YordlordTheGreat's ghost
 13779 | D:8      | Reached skill level 1 in Conjurations
 13779 | D:8      | Reached XP level 11. HP: 56/77 MP: 15/26
 13920 | D:8      | Learned a level 6 spell: Plasma Beam
 13924 | D:8      | Learned a level 3 spell: Stone Arrow
 13930 | D:8      | Learned a level 5 spell: Arcjolt
 13984 | D:10     | Entered Level 10 of the Dungeon
 13984 | D:10     | Noticed Joseph
 14096 | D:10     | HP: 3/77 [Joseph/sling bullet (15)]
 14562 | D:10     | Reached skill level 1 in Air Magic
 14927 | D:10     | Found a staircase to the Lair.
 15605 | D:10     | Reached skill level 1 in Earth Magic
 15742 | D:10     | Found a staircase to the Orcish Mines.
 15745 | D:10     | Found Geurphiwi's Weapon Shoppe.
 16097 | D:10     | Identified the +4 spear "Rifaakhe" {vamp, Int+4 Dex+4}
 16106 | D:10     | Killed Joseph
 16569 | D:10     | Found Geurphiwi's Weapon Shoppe.
 16570 | D:10     | Found a staircase to the Orcish Mines.
 16748 | D:10     | Found a staircase to the Lair.
 17596 | D:11     | Reached skill level 5 in Fighting
 17602 | D:11     | Found a gate leading to a gauntlet.
 17634 | Gauntlet | Entered a Gauntlet
 17634 | Gauntlet | Found a transporter.
 17634 | Gauntlet | Found a transporter.
 17636 | Gauntlet | Found a transporter.
 17636 | Gauntlet | Found a transporter.
 17636 | Gauntlet | Noticed a tengu warrior
 17656 | Gauntlet | Found a transporter.
 17664 | Gauntlet | Found a transporter.
 17668 | Gauntlet | Found a transporter.
 17673 | Gauntlet | Noticed a balrug
 17676 | Gauntlet | Found a transporter.
 17692 | Gauntlet | Found a transporter.
 17692 | Gauntlet | Noticed a fire crab
 17707 | Gauntlet | Found a transporter.
 17710 | Gauntlet | Found a transporter.
 17718 | Gauntlet | Found a transporter.
 17813 | Gauntlet | HP: 2/79 [tengu warrior/+1 battleaxe (17)]
 17813 | Gauntlet | Slain by a tengu warrior

Illustrated notes

Levels and vault maps discovered:
D:1:      doesnt_arrival_eight_statues, layout_loops_ring, minmay_pentomino_w2
D:2:      layout_basic, minmay_between
D:3:      minmay_chambers_of_twos, layout_basic, grunt_gozag_statues,
          hellmonk_ecumenical_altar_leap_of_faith, minmay_misc_feat_alley,
          kennysheep_another_room, uniq_terence
D:4:      wad_woods_pond, layout_cave_pools, mainiacjoe_overflow_brackets,
          nicolae_wu_jian_wuxing_cycle,
          hangedman_abyss_or_decor_jellyfish_corner,
          hangedman_abyss_or_decor_lesser_grid, hangedman_decor_clover_reticule
D:5:      layout_rooms, nicolae_vehumet_radiance,
          hellmonk_okawaru_the_only_friend_you_need, minmay_temple_entry_wispy
D:6:      layout_loops_ring, minitemple, dk_noncrumbling_2, uniq_menkaure
D:7:      layout_basic, uniq_crazy_yiuf_cottage
D:8:      layout_gridville, marbit_many_paths, gammafunk_ghost_stat_death,
          nicolae_concentric_dashed_squares_wild, uniq_grum
D:9:      layout_cave_pools, mainiacjoe_overflow_surrounded_room
D:10:     layout_basic, lair_entry_dummy, orc_david_3, serial_bayou,
          serial_bayou_shore_a, serial_bayou_lagoon_b, serial_bayou_shore_b,
          serial_bayou_crossing, chequers_garden, minivault_25, uniq_joseph
D:11:     layout_layer_cave, gauntlet_entry_generic, gammafunk_ghost_necromancy,
          grunt_ministairs_9, kennysheep_minor_cross, minmay_quadrilaterals
Temple:   hellmonk_temple_divided_pantheon
Gauntlet: minmay_gauntlet_77_indecision [minmay_gauntlet_arena_77_two_paths,
          minmay_gauntlet_arena_77_squiggly,
          minmay_gauntlet_arena_77_block_sizes, minmay_gauntlet_arena_77_museum,
          minmay_gauntlet_arena_77_checkered, minmay_gauntlet_arena_77_braids,
          gauntlet_exit_green]

Skill      XL: |  1  2  3  4  5  6  7  8  9 10 11 |
---------------+----------------------------------+-----
Spellcasting   | 2 3 4 5 7 9 10 11 | 11.0
Stealth        | 1 2 |  2.0
Fire Magic     | 3 4 5 7 9 |  9.3
Armour         | 1 2 |  2.0
Dodging        | 1 3 |  3.0
Shields        | 1 5 |  5.0
Evocations     | 1 3 |  3.0
Fighting       | 4 5 |  5.0
Throwing       | 2 |  2.0
Conjurations   | 1 3 |  3.2
Air Magic      | 2 |  2.8
Earth Magic    | 1 |  1.8
Polearms       | |  2.4

Action                     |  1- 3 |  4- 6 |  7- 9 | 10-12 || total
---------------------------+-------+-------+-------+-------++-------
  Melee: Spear             |    35 |     5 |    22 |       ||    62
  Throw: Stone             |     1 |       |     1 |     1 ||     3
         Dart              |       |       |       |     2 ||     2
   Cast: Scorch            |    27 |    73 |   207 |   247 ||   554
         Fireball          |       |       |       |     9 ||     9
         Stone Arrow       |       |       |       |     6 ||     6
         Arcjolt           |       |       |       |     2 ||     2
 Invoke: Foxfire Swarm     |     1 |       |     5 |       ||     6
         Fiery Armour      |       |     1 |     2 |       ||     3
  Evoke: Wand              |       |       |       |     9 ||     9
    Use: Scroll            |       |       |     9 |     3 ||    12
 Armour: Robe              |    16 |    22 |   101 |   239 ||   378
  Dodge: Dodged            |    13 |    18 |    67 |   147 ||   245

Table legend: (Time is in decaauts)
 A = Elapsed time spent in this place.
 B = Non-inter-level travel time spent in this place.
 C = Inter-level travel time spent in this place.
 D = Time resting spent in this place.
 E = Time spent auto-exploring this place.
 F = Levels seen in this place.
 G = Mean time per level.
                   A        B        C        D        E       F      G
               +--------+--------+--------+--------+--------+-----+--------+
         Total |  17956 |  17223 |    733 |   2214 |  12550 |  13 | 1381.2 |
       Dungeon |  17749 |  17016 |    733 |   2214 |  12462 |  11 | 1613.5 |
        Temple |     28 |     28 |      0 |      0 |      0 |   1 |   28.0 |
      Gauntlet |    178 |    178 |      0 |      0 |     88 |   1 |  178.0 |
               +--------+--------+--------+--------+--------+-----+--------+

Top non-repeatable levels by time:
    D:10: 3091 daAuts
     D:9: 2637 daAuts
     D:8: 2443 daAuts
     D:7: 1902 daAuts
     D:3: 1847 daAuts
     D:6: 1604 daAuts
     D:4: 1268 daAuts
     D:2: 1088 daAuts
     D:5: 908 daAuts
     D:1: 832 daAuts
Gauntlet: 178 daAuts
    D:11: 124 daAuts
  Temple: 28 daAuts
